 Dungeon Crawl Stone Soup version 0.30.1-9-gdf580d7c3d (webtiles) character file.

Game seed: 5652998278276504349

429 monsoonserge the Shooter (level 6, -5/32 HPs)
             Began as a Spriggan Hunter on Oct 7, 2023.
             Was an Initiate of Okawaru.
             Killed from afar by Blork the orc (10 damage)
             ... with a magic dart
             ... on level 5 of the Dungeon.
             The game lasted 00:11:12 (3935 turns).

monsoonserge the Shooter (Spriggan Hunter)          Turns: 3935, Time: 00:11:12

Health: -5/32      AC:  2    Str:  7    XL:     6   Next: 66%
Magic:  17/17      EV: 19    Int: 10    God:    Okawaru [......]
Gold:   298        SH:  0    Dex: 21    Spells: 5/7 levels left

rFire   . . .        a - +0 shortbow
rCold   + . .        (shield currently unavailable)
rNeg    . . .        c - +0 robe
rPois   .            (helmet restricted)
rElec   .            (no cloak)
rCorr   .            (gloves unavailable)
SInv    +            (boots unavailable)
Will    +....        (no amulet)
Stlth   ++           l - ring of protection from cold
HPRegen 0.25/turn    s - ring of magical power
MPRegen 0.15/turn

%: no passive effects
@: very quick
A: very small, no large weapons, unfitting armour, see invisible, speed 3
a: Renounce Religion


You were on level 5 of the Dungeon.
You worshipped Okawaru.
Okawaru was noncommittal.
You visited 2 branches of the dungeon, and saw 6 of its levels.

You collected 298 gold pieces.

Inventory:

Hand Weapons
 a - a +0 shortbow (weapon)
Missiles
 d - 12 poisoned darts
 m - 4 boomerangs
 x - 2 throwing nets
Armour
 c - a +0 robe (worn)
Jewellery
 l - a ring of protection from cold (left hand)
 s - a ring of magical power (right hand)
Scrolls
 b - a scroll of immolation
 f - 2 scrolls of fog {unknown}
 g - 2 scrolls of poison {unknown}
 i - 5 scrolls of identify {unknown}
 o - a scroll of enchant armour {unknown}
 u - a scroll of blinking {unknown}
 w - 5 scrolls of teleportation {unknown}
Potions
 e - 4 potions of curing {unknown}
 h - a potion of degeneration {unknown}
 j - 2 potions of haste {unknown}
 k - 2 potions of mutation {unknown}
 n - a potion of might {unknown}
 p - a potion of berserk rage {unknown}
 q - a potion of ambrosia {unknown}
 r - a potion of resistance {unknown}
 t - a potion of cancellation {unknown}
 v - 2 potions of lignification {unknown}


   Skills:
 + Level 3.0 Fighting
 + Level 6.5 Ranged Weapons
 + Level 3.4 Dodging
 + Level 2.0 Stealth
 - Level 1.0 Spellcasting
 * Level 3.4 Translocations


You had 5 spell levels left.
You knew the following spells:

 Your Spells              Type           Power      Damage    Failure   Level
a - Blink                 Tloc           14%        N/A       13%         2

Your spell library contained the following spells:

 Spells                   Type           Power      Damage    Failure   Level
 Lesser Beckoning         Tloc           14%        N/A       13%         2
 Momentum Strike          Conj/Tloc      6%         3d8       26%         2
 Cause Fear               Hex            0%         N/A       98%         4
 Dragon Form              Tmut           0%         N/A       100%        7
 Dragon's Call            Summ           Unusable   N/A       N/A         9

Dungeon Overview and Level Annotations

Branches:
Dungeon (5/15)             Temple (1/1) D:4

Altars:
Ashenzari
Cheibriados
Dithmenos
Elyvilon
Fedhas
Gozag
Hepliaklqana
Kikubaaqudgha
Makhleb
Nemelex Xobeh
Okawaru
Qazlal
Ru
Sif Muna
Trog
Uskayaw
Vehumet
Yredelemnul

Annotations:
D:5 Blork the orc


Innate Abilities, Weirdness & Mutations

You are very small and have problems with some larger weapons.
You are too small for most types of armour.
You have supernaturally acute eyesight. (SInv)
You cover ground extremely quickly. (Speed+++)


Message History

Blork the orc barely misses you. Blork the orc casts a spell at you.
The puff of frost hits you. You resist.
You shoot an arrow.
The arrow hits Blork the orc but does no damage.
Blork the orc is heavily wounded.
You shoot an arrow.
The arrow completely misses Blork the orc.
You shoot an arrow. The arrow hits Blork the orc.
Blork the orc is severely wounded.
You see here a +0 spear. 2 orcs and an orc wizard come into view.
The orc wizard is wielding a +0 dagger and carrying a wand of flame (14).
The orc shouts!
The orc wizard shouts!
An orc comes into view. It is wielding a +0 whip.
The orc shouts!
You hear a shout! x2
Blork the orc points at you and mumbles some strange words.
The puff of flame hits you! Blork the orc casts a spell at you.
The puff of frost misses you.
You shoot an arrow. The arrow closely misses Blork the orc.
Blork the orc closely misses you.
Blork the orc gestures at you while chanting.
The magic dart hits you!
No target in view!
You shoot an arrow. The arrow hits Blork the orc.
Blork the orc is severely wounded.
Blork the orc casts a spell at you. The magic dart hits you!
You are too injured to fight recklessly!
Fire: a) +0 shortbow
Press: ? - help, Q - select action, (/) - cycle Shift-Dir - straight line, f/p - Blork the orc
Aim: Blork the orc, wielding a +0 trident and wearing a +0 robe of positive energy (severely wounded, fast, 69% to hit)
You shoot an arrow. The arrow closely misses Blork the orc.
Blork the orc gestures at you while chanting.
The magic dart hits you.
* * * LOW HITPOINT WARNING * * *
Blork the orc casts a spell at you. The magic dart hits you!
You die...

#. #. ### #. #. #... ##.
#. #.#.### #.. .##
##.#.#.# #.o ...
.##.#.#.#####.#
#.#####.##.#.#.......#
#.#.#...##.#.#.##o)..#
#.#.#@####.#...o.....#
#####<..#......#...#....##
#......######o.##.##.#####
#.####.........o..##.# #
#.##################..
#..........###... ....
#######........# #.o..
#........# #..o..
#........# #.o....


You could see Blork the orc (fast) and an orc.

Vanquished Creatures
  An ogre (D:4)
  2 jellies (D:4)
  2 hounds (D:4)
  An orc priest (D:2)
  An iguana (D:5)
  An orc wizard (D:3)
  3 gnolls (D:4)
  3 adders
  An ufetubus (D:4)
  2 worms
  6 orcs
  8 bats
  8 endoplasms
  3 giant cockroaches
  6 goblins
  3 hobgoblins
  5 quokkas
  8 ball pythons
  5 frilled lizards
  6 kobolds
  4 rats
79 creatures vanquished.

Notes
Turn   | Place    | Note
-------+----------+-------------------------------------------
     0 | D:1      | monsoonserge the Spriggan Hunter began the quest for the
                  | Orb.
     0 | D:1      | Reached XP level 1. HP: 10/10 MP: 2/2
   185 | D:1      | Reached XP level 2. HP: 14/14 MP: 3/3
   714 | D:2      | Reached XP level 3. HP: 18/18 MP: 4/4
   717 | D:2      | Learned a level 2 spell: Blink
  1249 | D:2      | Reached skill level 5 in Ranged Weapons
  1249 | D:2      | Reached skill level 1 in Translocations
  1249 | D:2      | Reached XP level 4. HP: 22/23 MP: 5/5
  2254 | D:4      | Found a staircase to the Ecumenical Temple.
  2267 | Temple   | Entered the Ecumenical Temple
  2502 | Temple   | Became a worshipper of Warmaster Okawaru
  2788 | D:4      | Reached XP level 5. HP: 23/27 MP: 6/6
  2886 | D:4      | Reached skill level 1 in Spellcasting
  3405 | D:4      | Reached skill level 6 in Ranged Weapons
  3405 | D:4      | Reached XP level 6. HP: 32/32 MP: 8/8
  3661 | D:5      | Entered Level 5 of the Dungeon
  3873 | D:5      | Noticed Blork the orc
  3935 | D:5      | Killed from afar by Blork the orc

Illustrated notes

Levels and vault maps discovered:
D:1:      amcnicky_arrival_flooded_fountain, layout_basic
D:2:      layout_basic, grunt_ministairs_15
D:3:      layout_basic
D:4:      layout_loops_ring, minmay_temple_entry_slanted,
          corexii_item_surrounded_by_moat, chequers_serial_rivers_large_a,
          saegor_snake_ambush
D:5:      layout_basic, uniq_blork_the_orc
Temple:   eino_narrow_crystal_temple

Skill      XL: |  1  2  3  4  5  6 |
---------------+-------------------+-----
Ranged Weapons | 5 6 |  6.5
Dodging        | 3 |  3.4
Translocations | 1 2 3 |  3.4
Fighting       | 2 3 |  3.0
Spellcasting   | 1 |  1.0
Stealth        | 2 |  2.0

Action                     |  1- 3 |  4- 6 || total
---------------------------+-------+-------++-------
   Fire: Shortbow          |   102 |   181 ||   283
 Armour: Robe              |    12 |     6 ||    18
  Dodge: Dodged            |    59 |    84 ||   143
